 Dungeon Crawl Stone Soup version 0.30-a0-937-ga0a21ad780 (webtiles) character file.

Game seed: 10158295460744898039

373 DeathPants the Sneak (level 6, -1/31 (33) HPs)
             Began as a Vine Stalker Monk on Mar 24, 2023.
             Was an Initiate of Gozag.
             Slain by a wight
             ... wielding a +3 flail
              (10 damage)
             ... on level 5 of the Dungeon.
             The game lasted 00:12:23 (3103 turns).

DeathPants the Sneak (Vine Stalker Monk)            Turns: 3103, Time: 00:12:23

HP:   -1/31 (33)    AC:  4    Str: 13    XL:     6   Next: 72%
MP:   0/7           EV: 13    Int: 10    God:    Gozag
Gold: 143           SH:  0    Dex: 19    Spells: 5/5 levels left

rFire   . . .      SeeInvis .    a - +0 dagger (venom)
rCold   . . .      Faith    .    (no shield)
rNeg    . . .      Spirit   +    p - +0 leather armour
rPois   .          Reflect  .    n - +0 helmet
rElec   .          Rampage  .    (no cloak)
rCorr   .                        (no gloves)
Will    .....                    (no boots)
Stlth   +++                      (no amulet)
HPRegen 1.05/turn                (no ring)
MPRegen 0.10/turn                (no ring)

@: hasted, drained, very quick
A: fangs 2, regeneration 1, magic shield, antimagic bite, no potion heal 2
a: Renounce Religion, Potion Petition, Call Merchant, Bribe Branch


You were on level 5 of the Dungeon.
You worshipped Gozag.
Gozag was aware of your devotion.
You visited 2 branches of the dungeon, and saw 7 of its levels.

You collected 143 gold pieces.

Inventory:

Hand Weapons
 a - a +0 dagger of venom (weapon)
 r - a +0 rapier
Missiles
 s - 6 boomerangs
Armour
 n - a +0 helmet (worn)
 p - a +0 leather armour (worn)
Jewellery
 b - a ring of wizardry
Wands
 t - a wand of flame (11) (quivered)
Scrolls
 f - a scroll of noise {unknown}
 h - 3 scrolls of fog
 j - a scroll of enchant armour {unknown}
 l - a scroll of magic mapping {unknown}
 m - 3 scrolls of teleportation
 x - a scroll of immolation {unknown}
Potions
 c - a potion of ambrosia
 d - a potion of lignification
 g - 3 potions of curing
 i - 3 potions of attraction
 k - 2 potions of mutation {unknown}
 o - 2 potions of brilliance {unknown}
 q - a potion of heal wounds {unknown}
 u - a potion of invisibility {unknown}
 v - a potion of flight {unknown}
 w - a potion of degeneration {unknown}


   Skills:
 + Level 4.1 Fighting
 + Level 4.0 Short Blades
 + Level 3.5 Dodging
 + Level 5.0 Stealth


You had 5 spell levels left.
You didn't know any spells.
Your spell library contained the following spells:

 Spells                   Type           Power      Damage    Failure   Level
 Summon Small Mammal      Summ           0%         N/A       43%         1
 Call Canine Familiar     Summ           0%         N/A       82%         3
 Summon Guardian Golem    Hex/Summ       0%         N/A       82%         3


Dungeon Overview and Level Annotations

Branches:
Dungeon (6/15)             Temple (1/1) D:5

Altars:
Cheibriados
Elyvilon
Fedhas
Gozag
Hepliaklqana
Okawaru
Qazlal
Ru
Sif Muna
Trog
Vehumet
Wu Jian
Zin
The Shining One

Shops:
D:2 (


Innate Abilities, Weirdness & Mutations

You have extremely sharp teeth.
Your natural rate of healing is unusually fast.
When hurt, damage is shared between your health and your magic reserves.
Your bite disrupts and absorbs the magic of your enemies.
Potions cannot restore your health.


Message History

Found an opulent altar of Gozag.
Found a sacrificial altar of Ru.
There is an opulent altar of Gozag here.
You kneel at the altar of Gozag.
Gozag welcomes you!
Gozag waives the service fee.
There is a bloodstained altar of Trog here.
There is a staircase back to the Dungeon here.
You climb upwards.
Welcome back to the Dungeon!
There is a staircase to the Ecumenical Temple here.
There is a fountain of clear blue water here.
g - 3 potions of curing (gained 1)
You see here a fuming amethyst potion. 3 wights come into view.
You see here a fuming amethyst potion.
You feel yourself speed up.
You hit the wight but do no damage. You punch the wight, but do no damage.
You barely miss the wight. You bite the wight, but do no damage.
The wight barely misses you.
You closely miss the wight. You punch the wight, but do no damage.
Your bite misses the wight. The wight hits you with a +3 flail!
You feel drained.
You hit the wight but do no damage. Your bite misses the wight.
You completely miss the wight. You bite the wight. You drain its power.
You feel invigorated.
The wight is lightly damaged.
The wight hits you with a +3 flail!
You barely miss the wight. You bite the wight, but do no damage.
The wight is lightly damaged.
You hit the wight but do no damage. You bite the wight, but do no damage.
The wight is lightly damaged.
The wight hits you with a +3 flail!
* * * LOW HITPOINT WARNING * * *
You hit the wight. Your bite misses the wight.
The wight is moderately damaged.
You barely miss the wight.
The wight is moderately damaged.
The wight hits you with a +3 flail!
You die...
Your body crumbles into a pile of gold.

#.......# #.......#
#......... #.......#
#......... #. #.......#
#......... #. #.......#
#......... #.# #.......#
#...(.... #.####.......#
....z.
#............########..# #
#.............@zzz.!...#.#
#.........#######..###.#.
#.........'..# #...# ...
#.........#### #.⌠.# .#...
#..>.........###...###.#....#
#.#+#######............# ...#
#.#.#.......#.⌠..>..⌠..# ...
#...........#..........# ...
###...#.####...###...###.#


You could see 3 wights.

Vanquished Creatures
  A scorpion (D:4)
  A hound (D:4)
  An iguana (D:5)
  Jessica (D:3)
  Ijyb (D:3)
  Robin (D:2)
  4 gnolls
  5 adders
  A dart slug (D:2)
  5 orcs
  8 bats
  8 endoplasms
  10 giant cockroaches
  17 goblins
  16 hobgoblins
  2 jackals (D:2)
  6 kobolds
  A quokka (D:1)
  4 ball pythons
  3 frilled lizards
  9 rats
105 creatures vanquished.

Vanquished Creatures (others)
  A jackal (D:2)
  A rat (D:2)
  2 plants (D:4)
4 creatures vanquished.

Grand Total: 109 creatures vanquished

Notes
Turn   | Place    | Note
-------+----------+-------------------------------------------
     0 | D:1      | DeathPants the Vine Stalker Monk began the quest for the
                  | Orb.
     0 | D:1      | Reached XP level 1. HP: 11/11 MP: 2/2
   129 | D:1      | Reached XP level 2. HP: 16/16 MP: 3/3
   265 | D:1      | You fall into a shaft and drop 1 floor!
   337 | D:1      | Reached skill level 3 in Stealth
   388 | D:1      | Reached XP level 3. HP: 16/20 MP: 2/4
   800 | D:2      | Found Laizy Ajeit's Weapon Shop.
   800 | D:2      | Noticed Robin
  1001 | D:2      | Gained mutation: Your natural rate of healing is unusually
                  | fast. [Vine Stalker growth]
  1001 | D:2      | Reached XP level 4. HP: 15/24 MP: 5/5
  1074 | D:2      | Killed Robin
  1131 | D:3      | Found a faded altar of an unknown god.
  1569 | D:3      | Noticed Jessica
  1575 | D:3      | Killed Jessica
  1576 | D:3      | Reached XP level 5. HP: 21/28 MP: 6/6
  1651 | D:3      | Reached skill level 4 in Stealth
  1749 | D:3      | Noticed Ijyb
  1749 | D:3      | Paralysed by Ijyb for 3 turns
  1757 | D:3      | Paralysed by Ijyb for 3 turns
  1767 | D:3      | Killed Ijyb
  1770 | D:3      | Found a radiant altar of Vehumet.
  1771 | D:3      | Found a blossoming altar of Fedhas.
  2298 | D:4      | Reached XP level 6. HP: 31/33 MP: 7/7
  2383 | D:5      | Entered Level 5 of the Dungeon
  2685 | D:4      | Reached skill level 5 in Stealth
  3007 | D:5      | Found a staircase to the Ecumenical Temple.
  3025 | Temple   | Entered the Ecumenical Temple
  3047 | Temple   | Became a worshipper of Gozag Ym Sagoz the Greedy
  3103 | D:5      | Slain by a wight

Illustrated notes

Levels and vault maps discovered:
D:1:      eino_arrival_cavern_e, layout_rooms, serial_glass, glass_columns_a,
          glass_columns_a, minmay_strange_pillars, feat_on_display
D:2:      layout_rooms, serial_shops, nicolae_shop_bloodbath_and_beyond,
          uniq_robin
D:3:      layout_loops_ring, chequers_temple_overflow_statue_of_worship,
          ebering_ecumenical_altar_webs, uniq_ijyb, uniq_jessica
D:4:      layout_rooms, serial_forest, infiniplex_forest_straight_5,
          infiniplex_forest_clump_double, infiniplex_forest_end_3,
          infiniplex_forest_zigzag_2, infiniplex_forest_straight_4,
          infiniplex_forest_fountain, infiniplex_forest_end_2,
          infiniplex_forest_3_way, hangedman_decor_riveting
D:5:      layout_basic, minmay_temple_entry_junction, uniq_duvessa,
          uniq_crazy_yiuf_cottage, uniq_grinder
D:6:      layout_basic, makhleb_altar_promises_db, serial_shops,
          nicolae_shop_stone, shop_coins
Temple:   hellmonk_temple_of_storms

Skill      XL: |  1  2  3  4  5  6 |
---------------+-------------------+-----
Stealth        | 3 4 5 |  5.0
Fighting       | 3 4 |  4.1
Short Blades   | 3 4 |  4.0
Dodging        | 3 |  3.5

Action                     |  1- 3 |  4- 6 || total
---------------------------+-------+-------++-------
  Melee: Short sword       |   133 |       ||   133
         Bite              |    29 |    58 ||    87
         Punch             |     2 |     6 ||     8
         Dagger            |       |   168 ||   168
    Use: Scroll            |       |     6 ||     6
         Potion            |       |     1 ||     1
   Stab: Sleeping          |     5 |    16 ||    21
 Armour: Robe              |    27 |     4 ||    31
         Leather armour    |       |    13 ||    13
  Dodge: Dodged            |    95 |    71 ||   166

Table legend: (Time is in decaauts)
 A = Elapsed time spent in this place.
 B = Non-inter-level travel time spent in this place.
 C = Inter-level travel time spent in this place.
 D = Time resting spent in this place.
 E = Time spent auto-exploring this place.
 F = Levels seen in this place.
 G = Mean time per level.
                   A        B        C        D        E       F      G
               +--------+--------+--------+--------+--------+-----+--------+
         Total |   3055 |   2993 |     62 |    135 |   1636 |   7 |  436.4 |
       Dungeon |   3012 |   2969 |     43 |    135 |   1631 |   6 |  502.0 |
        Temple |     42 |     23 |     19 |      0 |      5 |   1 |   42.0 |
               +--------+--------+--------+--------+--------+-----+--------+

Top non-repeatable levels by time:
     D:1: 749 daAuts
     D:3: 744 daAuts
     D:4: 710 daAuts
     D:2: 677 daAuts
     D:5: 129 daAuts
  Temple: 42 daAuts
     D:6: 1 daAuts
